 Dungeon Crawl Stone Soup version 0.31-a0-799-g6bc09d010c (webtiles) character file.

Game seed: 7971096777452841407

2600 DocEon the Cleaver (level 9, -1/129 HPs)
             Began as a Minotaur Berserker on Sept 19, 2023.
             Was a Priest of Trog.
             Slain by Maggie
             ... wielding a +2 scimitar of distortion
              (2 damage)
             ... on level 6 of the Dungeon.
             The game lasted 00:04:15 (5203 turns).

DocEon the Cleaver (Minotaur Berserker)             Turns: 5203, Time: 00:04:16

Health: -1/129     AC:  8    Str: 25    XL:     9   Next: 33%
Magic:  0/8        EV:  7    Int:  4    God:    Trog [***...]
Gold:   297        SH: 10    Dex: 11    Spells: 8/8 levels left

rFire   . . .        a - +1 hand axe
rCold   . . .        h - +0 tower shield
rNeg    . . .        p - +0 scale mail
rPois   .            (helmet restricted)
rElec   .            l - +0 cloak
rCorr   .            e - +0 pair of gloves
SInv    .            (no boots)
Will    ++...        k - amulet of guardian spirit Stlth
                     (no ring)
HPRegen 1.41/turn    (no ring)
MPRegen 0.11/turn

%: guardian spirit
@: berserking (expiring), lethally poisoned (-1 -> -1), strong-willed,
regenerating, studying Fighting, very quick
A: horns 2, retaliatory headbutt
a: Renounce Religion, Berserk, Trog's Hand


You were on level 6 of the Dungeon.
You worshipped Trog.
Trog was most pleased with you.
You visited 1 branch of the dungeon, and saw 6 of its levels.

You collected 297 gold pieces.

Inventory:

Hand Weapons
 a - a +1 hand axe (weapon)
Armour
 e - a +0 pair of gloves (worn)
 h - a +0 tower shield (worn)
 l - a +0 cloak (worn)
 p - a +0 scale mail (worn)
Jewellery
 k - an amulet of guardian spirit (around neck)
Wands
 n - a wand of polymorph (9)
 o - a wand of flame (17) (quivered)
Scrolls
 b - a scroll of amnesia
 g - a scroll of noise {unknown}
 j - 2 scrolls of revelation
 m - a scroll of teleportation
Potions
 c - 2 potions of might
 d - a potion of attraction
 f - a potion of mutation
 q - a potion of invisibility {unknown}


   Skills:
 + Level 10.7 Fighting
 * Level 13.7 Axes
 - Level 2.4 Armour
 - Level 2.1 Dodging


You had 8 spell levels left.
You didn't know any spells.
Your spell library was empty.

Dungeon Overview and Level Annotations

Branches:
Dungeon (6/15)             Temple (0/1) D:4

Altars:
Ashenzari
Cheibriados
Gozag
Makhleb
Nemelex Xobeh
Sif Muna
Yredelemnul
Zin

Shops:
D:3 *   D:5 :

Annotations:
D:6 Maggie


Innate Abilities, Weirdness & Mutations

You have a pair of horns on your head.
You reflexively headbutt those who attack you in melee.


Message History

Maggie gestures wildly while chanting.
The orc warrior hits you with a +1 broad axe of flaming!!
The orc warrior burns you.
An iguana comes into view.
You slash the orc!
You kill the orc!
Trog accepts your kill.
You barely miss Maggie. You closely miss the orc warrior.
You feel sick.
You feel sick.
Maggie casts a spell.
The orc warrior hits you with a +1 broad axe of flaming!
The orc warrior burns you!
Items here: ))) [.
You closely miss the orc warrior. You hit Maggie.
You feel sick.
Maggie hits you with a +2 scimitar of distortion.
* * * LOW HITPOINT WARNING * * *
Space warps around you.
* * * LOW HITPOINT WARNING * * *
The orc warrior hits you with a +1 broad axe of flaming!
* * * LOW HITPOINT WARNING * * *
The orc warrior burns you.
* * * LOW HITPOINT WARNING * * *
An orc comes into view. It is wielding a +0 whip.
The orc shouts!
You slash the orc warrior!
The orc warrior is moderately wounded.
You slash Maggie!
You hear a shout!
You hit the orc warrior but do no damage.
The orc warrior is moderately wounded.
You slash Maggie!
You feel sick.
Maggie gives herself a magical halo, but it quickly sputters out.
Maggie hits you with a +2 scimitar of distortion!
* * * LOW HITPOINT WARNING * * *
You blink.
Found a scroll labelled KAIZOVUVVUUNN.
You feel sick.
Maggie hits you with a +2 scimitar of distortion!
* * * LOW HITPOINT WARNING * * *
Space warps around you.
You die...

#..........#...
##.............. .
#....†..†....... #?
####......#......##
##.###.........#..>...#.
#>....................#.
...................#....
........................
.##....@@§............#.
........oo.........#.###
#....?...............# #
##.......l............#.
.....###................
..... ...o....###.###..
.... #......## #.. ....
.....### #.. ... .....
..


You could see Maggie, an orc warrior, an iguana and 2 orcs.

Vanquished Creatures
  Pikel (D:6)
  A troll (D:5)
  Grinder (D:4)
  A black bear (D:5)
  A sky beast (D:6)
  An ice beast (D:5)
  A centaur (D:5)
  2 lemures (D:6)
  Blork the orc (D:5)
  6 scorpions
  A water moccasin zombie (D:3)
  The ghost of kiwi3s the Trooper, a weakling MiBe of Trog (D:3)
  2 howler monkeys
  A bullfrog zombie (D:3)
  5 hounds
  An orc priest (D:5)
  2 gnoll boudas (D:5)
  2 sleepcaps (D:5)
  4 iguanas
  6 orc wizards
  9 gnolls
  4 adders
  An ufetubus (D:5)
  A worm (D:2)
  5 dart slugs
  20 orcs
  6 endoplasms
  2 giant cockroaches
  5 goblins
  4 hobgoblins
  3 jackals (D:4)
  2 quokkas
  8 ball pythons
  5 bats
  A frilled lizard (D:2)
  3 kobolds
  4 rats
124 creatures vanquished.

Notes
Turn   | Place    | Note
-------+----------+-------------------------------------------
     0 | D:1      | DocEon the Minotaur Berserker began the quest for the Orb.
     0 | D:1      | Reached XP level 1. HP: 19/19 MP: 0/0
    89 | D:1      | Reached skill level 4 in Axes
   175 | D:1      | Reached XP level 2. HP: 24/26 MP: 1/1
   497 | D:1      | Reached skill level 5 in Axes
   711 | D:2      | Reached XP level 3. HP: 15/31 MP: 2/2
   852 | D:2      | Found a burning altar of Makhleb.
  1291 | D:2      | Reached ** piety under Trog
  1418 | D:3      | Found a snail-covered altar of Cheibriados.
  1439 | D:3      | Found a runed translucent gate.
  1439 | D:3      | Found a runed translucent gate.
  1439 | D:3      | Found a runed translucent gate.
  1441 | D:3      | Noticed kiwi3s's ghost (weakling MiBe)
  1472 | D:3      | Reached skill level 6 in Axes
  1472 | D:3      | Reached XP level 4. HP: 36/39 MP: 3/3
  1472 | D:3      | Killed kiwi3s's ghost
  1473 | D:3      | Reached skill level 7 in Axes
  1473 | D:3      | Reached XP level 5. HP: 42/45 MP: 4/4
  1682 | D:3      | Found Zin's Purification Station.
  1685 | D:3      | Found a glowing silver altar of Zin.
  1780 | D:3      | Found an opulent altar of Gozag.
  1780 | D:3      | Found a basalt altar of Yredelemnul.
  1915 | D:4      | Reached skill level 8 in Axes
  1918 | D:4      | Reached XP level 6. HP: 16/51 MP: 5/5
  2255 | D:4      | Noticed Grinder
  2256 | D:4      | Paralysed by Grinder for 3 turns
  2273 | D:4      | Killed Grinder
  2274 | D:4      | Reached skill level 9 in Axes
  2332 | D:4      | Found a staircase to the Ecumenical Temple.
  2422 | D:4      | Reached XP level 7. HP: 57/57 MP: 6/6
  2728 | D:4      | Identified a scroll of acquirement
  2728 | D:4      | Acquired a manual of Fighting
  3032 | D:5      | Entered Level 5 of the Dungeon
  3036 | D:5      | Found a sparkling altar of Nemelex Xobeh.
  3091 | D:5      | Reached skill level 10 in Axes
  3153 | D:5      | Reached *** piety under Trog
  3189 | D:5      | Reached skill level 5 in Fighting
  3580 | D:5      | Found a broken altar of Ashenzari.
  3730 | D:5      | Reached skill level 11 in Axes
  3735 | D:5      | Reached XP level 8. HP: 70/70 MP: 5/7
  4140 | D:5      | Noticed Blork the orc
  4157 | D:5      | Killed Blork the orc
  4190 | D:5      | Found a shimmering blue altar of Sif Muna.
  4222 | D:5      | Found Ulimugoa's Tremendous Tomes.
  4310 | D:5      | Noticed a troll
  4316 | D:5      | Reached skill level 12 in Axes
  4323 | D:5      | Killed a troll
  4967 | D:5      | Reached XP level 9. HP: 39/84 MP: 4/8
  5110 | D:6      | Reached skill level 13 in Axes
  5184 | D:6      | Noticed Pikel
  5185 | D:6      | Noticed Maggie
  5196 | D:6      | Killed Pikel
  5197 | D:6      | Reached skill level 10 in Fighting
  5203 | D:6      | HP: 1/129 [Maggie/+2 scimitar of distortion (7)]
  5203 | D:6      | Slain by Maggie

Illustrated notes

Levels and vault maps discovered:
D:1:      dpeg_arrival_tiny_c, layout_loops_ring
D:2:      layout_loops_ring, basic_altar
D:3:      cheibrodos_helix_gallery, layout_rooms, zin_purify,
          overflow_temple_1_default, gammafunk_temple_overflow_pools,
          gammafunk_ghost_necromancy
D:4:      layout_loops_ring, minmay_temple_entry_hall, uniq_grinder
D:5:      layout_cave_pods, ashenzari_conservatory_becter, lemuel_crystal_altar,
          tgw_sif, nicolae_shop_i_like_big_books, st_stairs_6,
          minmay_divided_ellipse
D:6:      layout_cave_pools, item_on_display_a, uniq_pikel, uniq_maggie

Skill      XL: |  1  2  3  4  5  6  7  8  9 |
---------------+----------------------------+-----
Axes           | 4 5 6 7 8 9 11 12 13 | 13.7
Fighting       | 6 9 10 | 10.7
Armour         | |  2.4
Dodging        | |  2.1

Action                     |  1- 3 |  4- 6 |  7- 9 || total
---------------------------+-------+-------+-------++-------
  Melee: Hand axe          |    81 |    60 |   214 ||   355
         Headbutt          |    15 |     9 |    38 ||    62
 Invoke: Berserk           |     1 |     2 |     5 ||     8
         Trog's Hand       |       |     2 |     2 ||     4
  Evoke: Wand              |       |       |    13 ||    13
    Use: Scroll            |       |       |    12 ||    12
 Armour: Animal skin       |     4 |       |       ||     4
         Ring mail         |    48 |    41 |    12 ||   101
         Scale mail        |       |       |   188 ||   188
  Dodge: Dodged            |    31 |    15 |    58 ||   104
  Block: Tower shield      |    18 |    33 |   105 ||   156

Table legend: (Time is in decaauts)
 A = Elapsed time spent in this place.
 B = Non-inter-level travel time spent in this place.
 C = Inter-level travel time spent in this place.
 D = Time resting spent in this place.
 E = Time spent auto-exploring this place.
 F = Levels seen in this place.
 G = Mean time per level.
                   A        B        C        D        E       F      G
               +--------+--------+--------+--------+--------+-----+--------+
         Total |   5305 |   5138 |    167 |    847 |   3409 |   6 |  884.2 |
       Dungeon |   5305 |   5138 |    167 |    847 |   3409 |   6 |  884.2 |
               +--------+--------+--------+--------+--------+-----+--------+

Top non-repeatable levels by time:
     D:5: 2076 daAuts
     D:4: 1219 daAuts
     D:2: 717 daAuts
     D:1: 693 daAuts
     D:3: 476 daAuts
     D:6: 124 daAuts
